 Dungeon Crawl Stone Soup version 0.26-a0-774-g1415c89e12 (webtiles) character file.

Game seed: 3361627482949910717

85 Bliebski the Insei (level 4, 0/28 HPs)
             Began as an Octopode Transmuter on Nov 9, 2020.
             Slain by a hobgoblin (2 damage)
             ... led by Robin
             ... on level 1 of the Dungeon.
             The game lasted 00:03:29 (2952 turns).

Bliebski the Insei (Octopode Transmuter)            Turns: 2952, Time: 00:03:30

Health: 0/28       AC:  1    Str:  9    XL:     4   Next: 48%
Magic:  8/8        EV: 14    Int: 15    God:
Gold:   50         SH:  0    Dex: 13    Spells: 7/8 levels left

rFire    . . .     SeeInvis .     - Unarmed
rCold    . . .     Faith    .   (no shield)
rNeg     . . .     Spirit   .   (helmet restricted)
rPois    .         Reflect  .   (no amulet)
rElec    .         Harm     .   (no ring)
rCorr    .         Rampage  .   (no ring)
MR       .....                  (no ring)
Stlth    ++........             (no ring)
HPRegen  0.09/turn              (no ring)
MPRegen  0.11/turn              (no ring)
                                (no ring)
                                (no ring)

@: no status effects
A: almost no armour, stealthy swim, amphibious, 8 rings, constrict 8, camouflage
1, gelatinous body 1
a: no special abilities


You were on level 1 of the Dungeon.
You visited 1 branch of the dungeon, and saw 2 of its levels.

You collected 50 gold pieces.

Inventory:

Missiles
 h - 12 poisoned darts
 i - 18 stones (quivered)
 j - 7 datura-tipped darts
Scrolls
 a - 2 scrolls of identify {unknown}
 b - a scroll of teleportation {unknown}
 d - a scroll of immolation {unknown}
 e - 2 scrolls of magic mapping {unknown}
Potions
 c - a potion of invisibility {unknown}
 f - a potion of lignification {unknown}
 g - a potion of flight {unknown}


   Skills:
 + Level 1.0 Fighting
 + Level 2.4 Dodging
 + Level 0.5 Stealth
 + Level 3.9 Unarmed Combat
 + Level 2.7 Spellcasting
 + Level 2.6 Transmutations


You had 7 spell levels left.
You knew the following spells:

 Your Spells              Type           Power        Failure   Level
a - Beastly Appendage     Tmut           ##....       7%          1

Your spell library contained the following spells:

 Spells                   Type           Power        Failure   Level
 Wereblood                Tmut           ##......     11%         2
 Spider Form              Tmut/Pois      #.........   34%         3
 Ice Form                 Ice/Tmut       #.......     75%         4
 Blade Hands              Tmut           ##........   88%         5


Dungeon Overview and Level Annotations

Branches:
Dungeon (2/15)

Altars:

Annotations:
D:1 Robin


Innate Abilities, Weirdness & Mutations

You cannot wear most types of armour.
You are very stealthy in the water. (Stealth+)
You are amphibious.
You can wear up to eight rings at the same time.
You can use your tentacles to constrict eight enemies at once.
Your skin changes colour to match your surroundings (Stealth+).
Your rubbery body absorbs attacks. (AC +1, EV +1)


Message History

You pierce Robin, but do no damage.
Robin is lightly wounded.
You constrict Robin. The hobgoblin barely misses you.
Robin hits you with a +0 mace of protection!
You tentacle-slap Robin but do no damage.
You pierce Robin, but do no damage.
Robin is lightly wounded.
You constrict Robin. The hobgoblin hits you.
* * * LOW HITPOINT WARNING * * *
You tentacle-slap Robin but do no damage.
You squeeze Robin!
Robin is severely wounded.
You constrict Robin, but do no damage. The hobgoblin closely misses you.
Robin hits you with a +0 mace of protection.
* * * LOW HITPOINT WARNING * * *
You completely miss Robin.
Robin is severely wounded.
Your tentacle spike disappears.
You constrict Robin, but do no damage. The hobgoblin hits you.
You die...

.....# #÷###.##########
.....# #.# #..........#
.###.# #.# #...######.#
.....#####.###...# #.#
≈≈≈......#.....#.# #.#
..≈.####.#####...# #.#
..≈..(.#.# ##..# #.#
≈.≈.≈≈.#.# #gg# #.#
<.≈..≈.#.# ##@# #.#
..≈..≈.#.# ### #.#
.≈≈..≈.#.# #.#
.....≈.#.#### #.#
.....≈.#....# #.#
≈≈≈≈≈≈......###########.###
............#.............#
########....'.).#######.#.#
### ##...#.#.# #.#.#


You could see Robin and a hobgoblin (strong).

Vanquished Creatures
  3 adders (D:2)
  A worm (D:2)
  A leopard gecko (D:1)
  2 giant cockroaches (D:2)
  12 goblins
  10 hobgoblins (D:1)
  4 jackals (D:1)
  4 kobolds (D:1)
  A quokka (D:2)
  3 bats
  2 frilled lizards
  5 rats
48 creatures vanquished.

Notes
Turn   | Place    | Note
-------+----------+-------------------------------------------
     0 | D:1      | Bliebski the Octopode Transmuter began the quest for the
                  | Orb.
     0 | D:1      | Reached XP level 1. HP: 13/13 MP: 3/3
   106 | D:1      | Reached XP level 2. HP: 18/18 MP: 3/5
   232 | D:1      | You fall into a shaft and drop 1 floor!
   267 | D:2      | Reached XP level 3. HP: 17/23 MP: 4/6
   686 | D:1      | Reached XP level 4. HP: 24/28 MP: 5/7
  1827 | D:2      | Noticed Robin
  2952 | D:1      | Slain by a hobgoblin

Illustrated notes

Levels and vault maps discovered:
D:1:      ebering_hopf_link, layout_basic, lemuel_another_geyser
D:2:      layout_rooms, uniq_robin

Action                   |  1- 3 |  4- 6 || total
-------------------------+-------+-------++-------
Melee: Unarmed           |    53 |    58 ||   111
       Constrict         |    17 |    17 ||    34
       Kick              |    11 |    11 ||    22
       Tentacles         |     9 |     7 ||    16
       Punch             |     2 |       ||     2
Throw: Stone             |       |     4 ||     4
 Cast: Beastly Appendage |    16 |    14 ||    30
 Stab: Sleeping          |     2 |     3 ||     5
Armor: Skin              |     5 |     6 ||    11
Dodge: Dodged            |    30 |    47 ||    77

Table legend: (Time is in decaauts)
 A = Elapsed time spent in this place.
 B = Non-inter-level travel time spent in this place.
 C = Inter-level travel time spent in this place.
 D = Time resting spent in this place.
 E = Time spent auto-exploring this place.
 F = Levels seen in this place.
 G = Mean time per level.
                   A        B        C        D        E       F      G
               +--------+--------+--------+--------+--------+-----+--------+
         Total |   2950 |   2869 |     81 |   1045 |   1503 |   2 | 1475.0 |
       Dungeon |   2950 |   2869 |     81 |   1045 |   1503 |   2 | 1475.0 |
               +--------+--------+--------+--------+--------+-----+--------+

Top non-repeatable levels by time:
     D:1: 2584 daAuts
     D:2: 366 daAuts
